 Dungeon Crawl Stone Soup version 0.18.1-48-g4cf74bf (webtiles) character file.

312 kobby the Covered (level 6, -7/72 HPs)
             Began as a Human Fighter on July 3, 2016.
             Mangled by a wraith (8 damage)
             ... in an ossuary.
             The game lasted 00:15:22 (3094 turns).

kobby the Covered (Human Fighter)                   Turns: 3094, Time: 00:15:23

Health: -7/72      AC: 23    Str: 16    XL:     6   Next: 71%
Magic:  6/6        EV:  2    Int:  8    God:
Gold:   140        SH:  9    Dex: 15    Spells: 0 memorised, 5 levels left

rFire  . . .     SeeInvis .     q - +3 whip (drain)
rCold  . . .     Gourm    .     (armour currently unavailable)
rNeg   + + +     Faith    .     c - +0 shield
rPois  +         Spirit   .     (helmet currently unavailable)
rElec  .         Dismiss  .     (cloak currently unavailable)
rCorr  .         Reflect  .     (gloves currently unavailable)
SustAt .         Harm     .     (boots currently unavailable)
MR     .....     NoTele   +     (no amulet)
Stlth  +.........               (no ring)
                                s - ring of flight

@: tree-form, slowed, drained, very slow, not resistant to hostile enchantments,
very unstealthy
A: no striking features
a: no special abilities


You were in an ossuary.
You were not hungry.
You were a tree.
You visited 1 branch of the dungeon, and saw 4 of its levels.
You also visited: Ossuary.

You collected 140 gold pieces.

Inventory:

Hand Weapons
 a - a +0 long sword
 q - a +3 whip of draining (weapon)
Armour
 b - a +0 scale mail (melded)
 c - a +0 shield (worn)
Jewellery
 s - a ring of flight (left branch)
 v - an uncursed ring of resist corrosion {unknown}
Wands
 y - a wand of flame (0/48)
 B - a wand of random effects (43/48)
Scrolls
 j - 7 scrolls of identify
 l - a scroll of fear
 m - 4 scrolls of remove curse
 p - 2 scrolls of immolation {unknown}
 r - a scroll of teleportation
 u - a scroll of amnesia
 w - a scroll of magic mapping {unknown}
 A - a scroll of random uselessness {unknown}
 D - a scroll of blinking {unknown}
Potions
 d - a potion of might
 e - a potion of lignification
 g - 2 potions of flight
 i - a potion of invisibility {unknown}
 k - 2 potions of cure mutation {unknown}
 n - 2 potions of ambrosia {unknown}
 o - 2 potions of degeneration {unknown}
 t - a potion of brilliance {unknown}
 x - a potion of curing {unknown}
 z - 2 potions of haste {unknown}
 C - a potion of berserk rage {unknown}
Comestibles
 f - 4 bread rations
 h - a beef jerky


   Skills:
 + Level 3.7(3.6) Fighting
 * Level 3.4(3.3) Long Blades
 + Level 1.0(0.9) Maces & Flails
 + Level 4.4(4.3) Armour
 + Level 2.1(2.0) Dodging
 + Level 4.0(3.9) Shields


You had 5 spell levels left.
You didn't know any spells.

Dungeon Overview and Level Annotations

Branches:
Dungeon (4/15)
 Temple: D:4-7

Altars:


Message History

The puff of flame hits the wraith.
The wraith is severely damaged.
Evoking this partially-identified wand wasted a few charges.
The wraith hits you.
* * * LOW HITPOINT WARNING * * *
The wraith drains your vigour!
You feel as though you will be slow longer.
Evoke which item? (* to show all) (? for menu, Esc to quit)
Zapping:
y - a wand of flame {zapped: 15} (will waste charges)
Press: ? - help, Shift-Dir - straight line, f/p - wraith
Aim: a wraith (severely damaged)
The puff of flame hits the wraith.
The wraith is almost destroyed.
Evoking this partially-identified wand wasted a few charges.
The wraith hits you!
* * * LOW HITPOINT WARNING * * *
The wraith drains your vigour!
You feel as though you will be slow longer.
The wraith hits you!
You die...

#################
#...............#
#.'##..###W.##+.#
#.#.#..#z#.♣# #.#
#.###..###..###.# ### ####
#...............# #W# #...
#.###.......###.###▓#####.8.
#.#z#.......# #.'.....'.....
#.###.......###.###▓#####.8.
#...............# #z# #...
#.###..###..###.# ### ####
#.# #..# #..# #.#


You could see a wraith and a flying skull.

Vanquished Creatures
  A wight (Ossuary)
  A centaur skeleton (D:4)
  2 orc wizards (D:3)
  3 gnolls (D:2)
  8 adders
  3 oozes
  An adder skeleton (D:4)
  An adder zombie (Ossuary)
  A dart slug (D:1)
  2 giant geckos
  5 orcs
  A giant cockroach (D:3)
  2 goblins (D:1)
  4 hobgoblins
  11 jackals
  3 quokkas
  A ball python (D:2)
  A ball python skeleton (Ossuary)
  3 bats (D:2)
  6 giant newts
  2 hobgoblin skeletons (Ossuary)
  A hobgoblin zombie (Ossuary)
  5 kobolds
  An orc skeleton (Ossuary)
  2 orc zombies (Ossuary)
  5 rats
76 creatures vanquished.

Vanquished Creatures (others)
  A plant (D:2)
1 creature vanquished.

Grand Total: 77 creatures vanquished

Notes
Turn   | Place    | Note
--------------------------------------------------------------
     0 | D:1      | kobby the Human Fighter began the quest for the Orb.
     0 | D:1      | Reached XP level 1. HP: 18/18 MP: 1/1
   144 | D:1      | Reached XP level 2. HP: 23/24 MP: 2/2
   533 | D:1      | Reached XP level 3. HP: 21/29 MP: 3/3
   996 | D:2      | Reached skill level 1 in Dodging
  1064 | D:2      | Reached XP level 4. HP: 22/35 MP: 4/4
  1390 | D:2      | Reached XP level 5. HP: 37/41 MP: 5/5
  2460 | D:3      | Reached XP level 6. HP: 29/47 MP: 6/6
  2871 | D:4      | Found a sand-covered staircase.
  2889 | Ossuary  | Entered an ossuary
  2964 | Ossuary  | Reached skill level 1 in Maces & Flails
  3021 | Ossuary  | Noticed a wraith
  3021 | Ossuary  | Noticed a flying skull
  3028 | Ossuary  | Noticed a flying skull
  3056 | Ossuary  | Noticed a flying skull
  3063 | Ossuary  | Noticed a wraith
  3094 | Ossuary  | HP: 1/72 [wraith (8)]
  3094 | Ossuary  | Mangled by a wraith

Skill      XL: |  1  2  3  4  5  6 |
---------------+-------------------+-----
Dodging        | 1 2 |  2.1
Long Blades    | 3 |  3.4
Armour         | 4 |  4.4
Maces & Flails | 1 |  1.0
Shields        | 4 |  4.0
Fighting       | |  3.7

Action                   |  1- 3 |  4- 6 || total
-------------------------+-------+-------++-------
Melee: Long sword        |    71 |    12 ||    83
       Whip              |       |   211 ||   211
Evoke: Wand              |       |     7 ||     7
  Use: Scroll            |       |     8 ||     8
       Potion            |       |     2 ||     2
  Eat: Fruit             |     2 |     1 ||     3
       Meat ration       |       |     1 ||     1
Armor: Scale mail        |    37 |    99 ||   136
       Skin              |       |     1 ||     1
Dodge: Dodged            |    19 |    92 ||   111
Block: Shield            |    31 |   106 ||   137
